 Dungeon Crawl Stone Soup version 0.31.0-9-g3a7656b989 (webtiles) character file.

Game seed: 16435445290825543275

102 qw the Shooter (level 4, -7/22 HPs)
             Began as a Spriggan Hunter on Feb 2, 2024.
             Killed by divine providence
             ... invoked by an orc priest
              (15 damage)
             ... on level 3 of the Dungeon.
             The game lasted 00:00:04 (1572 turns).

qw the Shooter (Spriggan Hunter)                    Turns: 1572, Time: 00:00:05

Health: -7/22      AC:  2    Str:  7    XL:     4   Next: 50%
Magic:  5/5        EV: 20    Int: 10    God:
Gold:   112        SH:  0    Dex: 20    Spells: 3/3 levels left

rFire   . . .        a - +0 shortbow
rCold   . . .        (shield currently unavailable)
rNeg    . . .        c - +0 robe
rPois   .            (helmet restricted)
rElec   .            (no cloak)
rCorr   .            (gloves unavailable)
SInv    +            (boots unavailable)
Will    .....        (no amulet)
Stlth   ++           (no ring)
HPRegen 0.23/turn    (no ring)
MPRegen 0.09/turn

%: no passive effects
@: very quick
A: very small, no large weapons, unfitting armour, see invisible, speed 3
a: no special abilities


You were on level 3 of the Dungeon.
You visited 1 branch of the dungeon, and saw 3 of its levels.

You collected 112 gold pieces.


Innate Abilities, Weirdness & Mutations

You are very small and have problems with some larger weapons.
You are too small for most types of armour.
You have supernaturally acute eyesight. (SInv)
You cover ground extremely quickly. (Speed+++)


   Skills:
 + Level 1.5 Fighting
 - Level 5.0 Ranged Weapons
 - Level 5.0 Dodging
 - Level 1.5 Stealth


You had 3 spell levels left.
You didn't know any spells.
Your spell library was empty.

Inventory:

Hand Weapons
 a - a +0 shortbow (weapon)
Armour
 c - a +0 robe (worn)
Potions
 e - a potion of enlightenment

Dungeon Overview and Level Annotations

Branches:
Dungeon (3/15)

Altars:


Message History

The orc completely misses you. The ball python closely misses you.
The ball python grabs you. The ball python constricts you.
The orc barely misses you.
Your Dodging skill increases to level 5!
You shoot an arrow.
The arrow barely misses the ball python.
The ball python bites you but does no damage.
The ball python constricts you. The ball python misses you.
The ball python constricts you. The orc hits you with a +0 club.
The orc priest closely misses you.
You shoot an arrow.
The arrow barely misses the ball python.
The ball python barely misses you. The ball python constricts you.
The orc misses you. The orc priest misses you.
You shoot an arrow.
The arrow closely misses the ball python.
The adder closely misses you. The ball python completely misses you.
The ball python constricts you. The orc priest completely misses you.
The orc hits you with a +0 club. The adder bites you but does no damage.
The ball python bites you. The ball python constricts you.
You shoot an arrow. The arrow hits the ball python.
The ball python is severely wounded.
The orc misses you. The orc priest completely misses you.
The adder bites you but does no damage. The ball python bites you.
The ball python constricts you.
You shoot an arrow. The arrow hits the ball python.
You kill the ball python!
The adder closely misses you.
The orc priest hits you but does no damage.
The orc hits you with a +0 club. The adder misses you.
You shoot an arrow.
The arrow hits the orc priest but does no damage.
The orc priest is moderately wounded.
The orc priest misses you.
The orc curses repeatedly.
The orc closely misses you. The adder bites you. The orc barely misses you.
The orc priest mumbles some strange prayers to Beogh against you.
Beogh smites you!
Ouch! That really hurt!
You die...

.. ## .... ###..
... ...... .
..#### ...... ..
#...##...... #..
#........... #...
#..o).......
.....##.#@$......
.$.%....o.S...#..
.......<......#
#.......#.#...#
#......##.......
#...... .........
#...... .........
.~.~.~. .~.~.....
~~~.~.~ ~~.~..


You could see an orc priest, an adder and an orc.

Vanquished Creatures
  An orc priest (D:3)
  3 adders (D:2)
  2 dart slugs (D:1)
  4 ball pythons
  6 endoplasms (D:1)
  A giant cockroach (D:1)
  4 goblins
  4 hobgoblins
  6 jackals
  A kobold (D:1)
  4 bats (D:1)
  A frilled lizard (D:1)
  2 rats
39 creatures vanquished.

Notes
Turn   | Place    | Note
-------+----------+-------------------------------------------
     0 | D:1      | qw the Spriggan Hunter began the quest for the Orb.
     0 | D:1      | Reached XP level 1. HP: 10/10 MP: 2/2
     0 | D:1      | 0 ||| qw: Version: 0.3-a-155-g5e7d8dd
     0 | D:1      | 0 ||| qw: Game counter: 1450
     0 | D:1      | 0 ||| qw: Melee chars always use a shield: true
     0 | D:1      | 0 ||| qw: God list: Okawaru
     0 | D:1      | 0 ||| qw: Allow faded altars: false
     0 | D:1      | 0 ||| qw: Do Orc after clearing Dungeon:15 true
     0 | D:1      | 0 ||| qw: Do second Lair branch before Depths: true
     0 | D:1      | 0 ||| qw: Lair rune preference: random
     0 | D:1      | 0 ||| qw: Goals: Normal
     0 | D:1      | 0 ||| PLANNING D:1-11
    32 | D:1      | Reached skill level 3 in Dodging
   110 | D:1      | Found a faded altar of an unknown god.
   112 | D:1      | Reached XP level 2. HP: 14/14 MP: 3/3
   254 | D:1      | Reached XP level 3. HP: 18/18 MP: 4/4
   642 | D:1      | 642 ||| READING 2 scrolls labelled SOGHESKEWOBE.
   642 | D:1      | 642 ||| IDENTIFYING metallic yellow potion
   643 | D:1      | 643 ||| READING scroll of identify.
   643 | D:1      | 643 ||| IDENTIFYING 2 scrolls labelled TUGOPN QINKYO
   644 | D:1      | 644 ||| DROPPING scroll of butterflies.
   645 | D:1      | 645 ||| DROPPING 2 scrolls of silence.
   927 | D:2      | Reached XP level 4. HP: 22/22 MP: 5/5
  1438 | D:2      | 1438 ||| DROPPING ring of magical power.
  1439 | D:2      | 1439 ||| READING 3 scrolls of identify.
  1439 | D:2      | 1439 ||| IDENTIFYING scroll labelled NUMALE BUNULU
  1440 | D:2      | 1440 ||| READING 2 scrolls of identify.
  1440 | D:2      | 1440 ||| IDENTIFYING scroll labelled AMUPAE WEZODEO
  1441 | D:2      | 1441 ||| READING scroll of identify.
  1441 | D:2      | 1441 ||| IDENTIFYING 2 scrolls labelled XEIBBOI OBOM
  1442 | D:2      | 1442 ||| READING 2 scrolls labelled KECATAPPUAMU.
  1543 | D:2      | 1543 ||| DROPPING 2 scrolls of poison.
  1544 | D:2      | 1544 ||| DROPPING scroll of fear.
  1545 | D:2      | 1545 ||| DROPPING scroll of vulnerability.
  1546 | D:2      | 1546 ||| DROPPING scroll of noise.
  1572 | D:3      | Killed from afar by an orc priest

Levels and vault maps discovered:
D:1:      nagdon_arrival_zigzag_paths, layout_loops_ring,
          shapermc_ecumenical_altar_starsandcircs, minivault_27,
          corexii_leaking_fountain
D:2:      layout_loops_corners
D:3:      minmay_bubble_buster, layout_basic,
          mainiacjoe_overflow_surrounded_room, serial_rivers,
          chequers_serial_rivers_large_a, chequers_serial_rivers_large_b,
          chequers_serial_rivers_room_a, chequers_serial_rivers_room_a

Skill      XL: |  1  2  3  4 |
---------------+-------------+-----
Dodging        | 3 4 5 |  5.0
Ranged Weapons | 5 |  5.0
Fighting       | |  1.5
Stealth        | |  1.5

Action                     |  1- 3 |  4- 6 || total
---------------------------+-------+-------++-------
   Fire: Shortbow          |   109 |    21 ||   130
    Use: Scroll            |     2 |     4 ||     6
 Armour: Robe              |    10 |    11 ||    21
  Dodge: Dodged            |    87 |    22 ||   109

Table legend:
 A = Non-vault XP
 B = Vault XP
 C = Vault XP percentage of total XP
 D = Non-vault monster count
 E = Vault monster count
 F = Vault count percentage of total count
                 A         B        C        D         E       F
            +---------+---------+-------+---------+---------+-------
      Total |     147 |       0 |   0.0 |      39 |       0 |   0.0
            +---------+---------+-------+---------+---------+-------
        D:1 |      51 |       0 |   0.0 |      26 |       0 |   0.0
        D:2 |      54 |       0 |   0.0 |      10 |       0 |   0.0
        D:3 |      42 |       0 |   0.0 |       3 |       0 |   0.0
            +---------+---------+-------+---------+---------+-------
